 Dungeon Crawl Stone Soup version 0.29.1-15-g9cfb28693d (webtiles) character file.

Game seed: 5172187915090706387

22 BuddhaDhamma the Chopper (level 2, -1/26 HPs)
             Began as a Minotaur Berserker on Mar 27, 2023.
             Was a Believer of Trog.
             Slain by a quokka (2 damage)
             ... on level 1 of the Dungeon.
             The game lasted 00:00:43 (448 turns).

BuddhaDhamma the Chopper (Minotaur Berserker)        Turns: 448, Time: 00:00:44

Health: -1/26      AC:  2    Str: 21    XL:     2   Next: 68%
Magic:  1/1        EV: 12    Int:  4    God:    Trog [**....]
Gold:   13         SH:  0    Dex:  9    Spells: 1/1 levels left

rFire   . . .      SeeInvis .   a - +0 hand axe
rCold   . . .      Faith    .   (no shield)
rNeg    . . .      Spirit   .   b - +0 animal skin
rPois   .          Reflect  .   (helmet restricted)
rElec   .          Harm     .   (no cloak)
rCorr   .          Rampage  .   (no gloves)
Will    .....                   (no boots)
Stlth   +.........              (no amulet)
HPRegen 0.08/turn               (no ring)
MPRegen 0.07/turn               (no ring)

@: no status effects
A: horns 2, retaliatory headbutt
a: Renounce Religion, Berserk, Trog's Hand


You were on level 1 of the Dungeon.
You worshipped Trog.
Trog was pleased with you.
You visited 1 branch of the dungeon, and saw 1 of its levels.

You collected 13 gold pieces.

Inventory:

Hand Weapons
 a - a +0 hand axe (weapon)
Armour
 b - a +0 animal skin (worn)
Scrolls
 c - a scroll of poison {unknown}
Potions
 d - a potion of curing {unknown}
 e - a potion of brilliance {unknown}


   Skills:
 - Level 3.6 Fighting
 + Level 4.9 Axes
 - Level 2.4 Armour
 - Level 2.1 Dodging


You had one spell level left.
You didn't know any spells.
Your spell library was empty.

Dungeon Overview and Level Annotations

Branches:
Dungeon (1/15)

Altars:

Shops:
D:1 *


Innate Abilities, Weirdness & Mutations

You have a pair of horns on your head.
You reflexively headbutt those who attack you in melee.


Message History

You hit the quokka but do no damage.
The quokka is severely wounded.
You closely miss the hobgoblin. The quokka misses you. You furiously retaliate!
You headbutt the quokka, but do no damage.
The hobgoblin closely misses you.
You hit the quokka but do no damage.
The quokka is severely wounded.
You hit the hobgoblin.
You kill the hobgoblin!
Trog accepts your kill.
You can now call upon Trog for regeneration and willpower.
The quokka bites you.
You closely miss the quokka.
The quokka is heavily wounded.
The quokka closely misses you. x2
You barely miss the quokka. Your headbutt misses the quokka.
The quokka is heavily wounded.
The quokka closely misses you.
You hit the quokka but do no damage. Your headbutt misses the quokka.
The quokka is heavily wounded.
The quokka barely misses you.
You barely miss the quokka.
The quokka is heavily wounded.
The quokka bites you but does no damage.
You miss the quokka.
The quokka is heavily wounded.
The quokka bites you.
* * * LOW HITPOINT WARNING * * *
The quokka closely misses you.
You barely miss the quokka. Your headbutt misses the quokka.
The quokka is heavily wounded.
The quokka bites you.
* * * LOW HITPOINT WARNING * * *
You barely miss the quokka.
The quokka is heavily wounded.
The quokka closely misses you.
You barely miss the quokka.
The quokka is heavily wounded.
The quokka bites you.
You die...

#.....# #..... #.....#
#..... #.....# #.....
#.....# #.....
####.....#### #.....
###>..........###.....
#...............#.....
#.......#####.........
#...†@..# ###.......
#....r..# ##......
..........# #..####
###.......# #....
.........# #.##.#
8.8.......# #.. .#
#+#.......# ##. .
#.......#


You could see a quokka.

Vanquished Creatures
  3 endoplasms (D:1)
  A giant cockroach (D:1)
  A hobgoblin (D:1)
  3 jackals (D:1)
  4 quokkas (D:1)
  A bat (D:1)
  A frilled lizard (D:1)
  2 goblins (D:1)
  3 kobolds (D:1)
19 creatures vanquished.

Notes
Turn   | Place    | Note
-------+----------+-------------------------------------------
     0 | D:1      | BuddhaDhamma the Minotaur Berserker began the quest for the
                  | Orb.
     0 | D:1      | Reached XP level 1. HP: 19/19 MP: 0/0
    73 | D:1      | Reached skill level 4 in Axes
   184 | D:1      | Reached XP level 2. HP: 26/26 MP: 1/1
   204 | D:1      | Found Yqaelico's General Store.
   440 | D:1      | Reached ** piety under Trog
   446 | D:1      | HP: 1/26 [quokka (5)]
   448 | D:1      | Slain by a quokka

Illustrated notes

Levels and vault maps discovered:
D:1:      saegor_arrival_simple_a, layout_basic, serial_shops,
          nicolae_shop_waterfront, dreamdust_ecumenical_altar_angels_and_demons,
          serial_bayou_lagoon_b

Skill      XL: |  1 |
---------------+----+-----
Axes           | 4 |  4.9
Fighting       | |  3.6
Armour         | |  2.4
Dodging        | |  2.1

Action                   || total
-------------------------++-------
Melee: Hand axe          ||    40
       Headbutt          ||     4
Armor: Animal skin       ||    13
Dodge: Dodged            ||    40
